 Dungeon Crawl Stone Soup version 0.30.1 (webtiles) character file.

Game seed: 2450834624082353313

21437 Wiggles the Executioner (level 12, -1/91 HPs)
             Began as a Minotaur Berserker on July 12, 2023.
             Was a High Priest of Trog.
             Shot with an arrow by a centaur warrior (17 damage)
             ... on level 13 of the Dungeon on July 13, 2023.
             The game lasted 00:22:01 (12680 turns).

Wiggles the Executioner (Minotaur Berserker)       Turns: 12680, Time: 00:22:01

Health: -1/91      AC: 14    Str: 27    XL:     12   Next: 54%
Magic:  0/11       EV: 11    Int:  4    God:    Trog [*****.]
Gold:   617        SH:  0    Dex: 10    Spells: 11/11 levels left

rFire   . . .        A - +5 battleaxe
rCold   . . .        (shield currently unavailable)
rNeg    . . .        f - +0 plate armour
rPois   .            (helmet restricted)
rElec   .            (no cloak)
rCorr   .            I - +0 pair of gloves
SInv    .            o - +2 pair of slick slippers {slick, slippery, EV+4}
Will    .....        m - amulet of guardian spirit Stlth
                     n - +4 ring of slaying
HPRegen 0.35/turn    F - +4 ring of slaying
MPRegen 0.12/turn

%: guardian spirit
@: no status effects
A: horns 2, retaliatory headbutt
a: Renounce Religion, Berserk, Trog's Hand, Brothers in Arms


You were on level 13 of the Dungeon.
You worshipped Trog.
Trog was extremely pleased with you.
You visited 1 branch of the dungeon, and saw 13 of its levels.
You also visited: Ossuary.

You collected 786 gold pieces.
You spent 169 gold pieces at shops.

Inventory:

Hand Weapons
 u - a +5 war axe of flaming
 A - a +5 battleaxe (weapon)
Missiles
 r - 7 throwing nets (quivered)
Armour
 d - a +2 pair of gloves
 f - a +0 plate armour (worn)
 o - the +2 pair of slick slippers (worn) {slick, slippery, EV+4}
   (You found it on level 2 of the Dungeon)

   Slick:     Its wearer cannot be constricted, engulfed, netted or webbed.
   Slippery:  Its wearer slips away from damaging melee attacks, pulling the
   attacker onward.
   EV:        It affects your evasion (+4).
 I - a +0 pair of gloves (worn)
Jewellery
 c - a +4 ring of slaying
 m - an amulet of guardian spirit (around neck)
 n - a +4 ring of slaying (left hand)
 p - a ring of poison resistance
 t - a ring of flight
 w - an amulet of magic regeneration
 x - a ring of protection from cold
 F - a +4 ring of slaying (right hand)
 G - a ring of willpower
Wands
 v - a wand of flame (34)
 y - a wand of paralysis (2)
 z - a wand of roots (13)
 J - a wand of quicksilver (4)
Scrolls
 e - 9 scrolls of teleportation
 k - 3 scrolls of amnesia
 l - 3 scrolls of silence
 E - 2 scrolls of blinking
 K - a scroll of magic mapping
 L - a scroll of enchant weapon
 N - 2 scrolls of identify
 O - a scroll of fog
Potions
 a - 4 potions of flight
 b - 7 potions of haste
 g - 2 potions of mutation
 h - 6 potions of resistance
 i - 5 potions of lignification
 j - 6 potions of curing
 q - a potion of degeneration
 s - 2 potions of brilliance
 B - 2 potions of berserk rage {unknown}
 C - a potion of might {unknown}
 D - 2 potions of invisibility
 H - 3 potions of attraction
 M - a potion of heal wounds


   Skills:
 - Level 4.0 Fighting
 + Level 22.9 Axes
 - Level 2.5 Armour
 - Level 2.3 Dodging
 + Level 4.3 Stealth
 + Level 3.2 Evocations


You had 11 spell levels left.
You didn't know any spells.
Your spell library was empty.

Dungeon Overview and Level Annotations

Branches:
Dungeon (13/15)            Temple (0/1) D:6            Lair (0/5) D:9
    Orc (0/2) D:9         Ossuary (visited)
 Vaults: D:13-14

Altars:
Hepliaklqana
Makhleb
Nemelex Xobeh
Okawaru
Ru
Sif Muna
Uskayaw
Vehumet
Yredelemnul

Shops:
D:1 ([(   D:9 [


Innate Abilities, Weirdness & Mutations

You have a pair of horns on your head.
You reflexively headbutt those who attack you in melee.


Message History

Found a mace.
You see here a +0 mace.
Done exploring.
Done exploring.
There is a stone staircase leading down here.
You climb downwards.
There is a stone staircase leading up here.
There is a stone staircase leading up here.
There is a stone staircase leading up here.
A centaur comes into view.
The centaur shouts!
The centaur wields a +0 shortbow.
The centaur shoots an arrow.
The arrow hits you but does no damage.
A centaur comes into view.
You hear a shout! x2
The centaur shouts!
The centaur wields a +0 shortbow.
The centaur shoots an arrow.
The arrow hits you.
The centaur shoots an arrow.
The arrow hits you!
The centaur shoots an arrow.
The arrow barely misses you.
The centaur shoots an arrow.
The arrow misses you.
The centaur shoots an arrow.
The arrow hits you.
The centaur shoots an arrow.
The arrow hits you!
A centaur warrior comes into view.
The centaur shoots an arrow.
The arrow hits you!
The centaur warrior wields a +0 shortbow.
The centaur warrior shoots an arrow.
The arrow hits you.
The centaur shoots an arrow.
The arrow barely misses you.
The centaur shoots an arrow.
The arrow hits you but does no damage.
The centaur warrior shoots an arrow.
The arrow hits you!!
The centaur shoots an arrow.
The arrow hits you!
* * * LOW HITPOINT WARNING * * *
The centaur shoots an arrow.
The arrow hits you but does no damage.
The centaur shoots an arrow.
The arrow hits you!
* * * LOW HITPOINT WARNING * * *
The centaur shoots an arrow.
The arrow hits you.
* * * LOW HITPOINT WARNING * * *
A centaur comes into view.
The centaur warrior shoots an arrow.
The arrow hits you!!
You die...

#.....#
#..cc.+
#.c..##
#....#
#....+
#....#
##...#
#....#
######@...#
#.....#...#
#.....+...#
#.....#...#
#.....#...#
#.....#...#
###+###...#
#####


You could see a centaur warrior and 2 centaurs.

Vanquished Creatures
  Snorg (D:10)
  Josephine (D:11)
  Harold (D:11)
  3 two-headed ogres
  3 boulder beetles
  Erica (D:11)
  Urug (D:11)
  A skeletal warrior (D:10)
  Pikel (D:5)
  A cyclops (D:12)
  3 manticores
  The ghost of ShellytheWitch the Trooper, a novice MiFi (D:6)
  2 gargoyles (D:12)
  2 unseen horrors (D:11)
  A kobold demonologist (D:12)
  3 trolls
  A hornet (D:7)
  10 slime creatures
  4 shadows
  10 yaks
  2 vampires
  4 wraiths (D:11)
  Eustachio (D:8)
  A steam dragon (D:9)
  2 water moccasins (D:9)
  5 orc warriors
  5 black bears
  A sky beast (D:6)
  3 ogres
  3 centaurs
  2 phantoms
  2 kobold brigands
  5 scorpions
  Blork the orc (D:5)
  5 bullfrogs
  2 gnoll sergeants (D:8)
  4 water moccasin zombies (Ossuary)
  7 wights
  6 killer bees
  3 troll zombies (D:9)
  3 howler monkeys
  3 electric eels
  7 hounds
  6 orc priests
  2 gnoll boudas
  3 jellies
  2 iguanas
  8 orc wizards
  A sleepcap (D:4)
  3 ogre zombies (D:9)
  2 mummies (Ossuary)
  10 adders
  12 gnolls
  2 ufetubi (D:4)
  8 adder zombies (Ossuary)
  5 worms
  3 dart slugs
  30 orcs
  8 ball pythons
  6 endoplasms
  6 giant cockroaches
  3 gnoll zombies (Ossuary)
  5 goblins
  3 hobgoblins
  7 jackals
  3 quokkas
  3 bats
  4 frilled lizards
  A goblin skeleton (D:9)
  4 goblin zombies (D:9)
  A hobgoblin skeleton (D:9)
  8 hobgoblin zombies
  16 kobolds
  2 kobold zombies (Ossuary)
  2 orc skeletons (D:9)
  22 orc zombies
  A quokka zombie (D:5)
  A rat (D:2)
  A rat zombie (D:5)
332 creatures vanquished.

Notes
Turn   | Place    | Note
-------+----------+-------------------------------------------
     0 | D:1      | Wiggles the Minotaur Berserker began the quest for the Orb.
     0 | D:1      | Reached XP level 1. HP: 19/19 MP: 0/0
    53 | D:1      | Found Furgh's Weapon Shoppe.
    94 | D:1      | Reached skill level 4 in Axes
    94 | D:1      | Reached XP level 2. HP: 23/27 MP: 1/1
   138 | D:1      | Found Gyzow's Armour Shop.
   460 | D:1      | Found Joll's Antique Weapon Shoppe.
   523 | D:1      | Reached XP level 3. HP: 25/33 MP: 2/2
   644 | D:2      | Reached skill level 5 in Axes
   711 | D:2      | Reached ** piety under Trog
   875 | D:2      | Reached XP level 4. HP: 40/40 MP: 3/3
  1168 | D:2      | Reached skill level 6 in Axes
  1227 | D:2      | Found the +2 pair of slick slippers {slick, slippery, EV+4}
  1872 | D:3      | Reached XP level 5. HP: 46/46 MP: 4/4
  2285 | D:4      | Reached skill level 7 in Axes
  2366 | D:4      | Reached XP level 6. HP: 50/52 MP: 5/5
  2389 | D:4      | Reached skill level 8 in Axes
  2618 | D:4      | Reached *** piety under Trog
  2641 | D:4      | Found a transporter.
  2662 | D:4      | Identified the staff of fire "Bebra" {Fly rF+ Str+6}
  2666 | D:4      | Found a transporter.
  3039 | D:1      | Bought a glowing war axe for 169 gold pieces
  3182 | D:4      | Found a sacrificial altar of Ru.
  3194 | D:4      | Reached skill level 9 in Axes
  3439 | D:4      | Reached XP level 7. HP: 32/59 MP: 6/6
  3563 | D:5      | Entered Level 5 of the Dungeon
  3563 | D:5      | Noticed Pikel
  3574 | D:5      | Killed Pikel
  3575 | D:5      | Reached skill level 11 in Axes
  3575 | D:5      | Reached skill level 1 in Stealth
  3575 | D:5      | Reached XP level 8. HP: 64/66 MP: 7/7
  3614 | D:5      | Noticed Blork the orc
  3619 | D:5      | Killed Blork the orc
  3867 | D:5      | Found a hide-covered altar of Uskayaw.
  3867 | D:5      | Found a shimmering blue altar of Sif Muna.
  4091 | D:5      | Found a sand-covered staircase.
  4099 | Ossuary  | Entered an ossuary
  4132 | Ossuary  | Reached **** piety under Trog
  4140 | Ossuary  | Reached skill level 12 in Axes
  4283 | D:5      | Reached skill level 1 in Evocations
  4593 | D:6      | Reached skill level 13 in Axes
  4712 | D:6      | Found a staircase to the Ecumenical Temple.
  4780 | D:6      | Reached XP level 9. HP: 71/71 MP: 8/8
  4786 | D:6      | Found a runed translucent door.
  4786 | D:6      | Noticed ShellytheWitch's ghost (novice MiFi)
  4807 | D:6      | Killed ShellytheWitch's ghost
  4808 | D:6      | Reached skill level 14 in Axes
  5091 | D:6      | Reached skill level 15 in Axes
  5254 | D:6      | Found an iron altar of Okawaru.
  5257 | D:6      | Found a basalt altar of Yredelemnul.
  5272 | D:6      | Identified the +4 trident of Nebauh {venom, *Rage rPois
                  | rN+}
  5478 | D:6      | Reached ***** piety under Trog
  6261 | D:7      | Identified the +9 scimitar of Nyguuvos {speed, rC- Int+7}
  6419 | D:7      | Found a radiant altar of Vehumet.
  6593 | D:8      | Reached skill level 16 in Axes
  6660 | D:8      | Noticed Eustachio
  6668 | D:8      | Reached XP level 10. HP: 78/78 MP: 9/9
  6676 | D:8      | Killed Eustachio
  6965 | D:8      | Found a sparkling altar of Nemelex Xobeh.
  7015 | D:8      | Received a gift from Trog
  7547 | D:9      | Found a staircase to the Lair.
  7554 | D:9      | Reached skill level 17 in Axes
  7723 | D:9      | Found a staircase to the Orcish Mines.
  7732 | D:9      | Reached skill level 18 in Axes
  7733 | D:9      | Noticed a two-headed ogre
  7744 | D:9      | Killed a two-headed ogre
  8093 | D:9      | Found a burning altar of Makhleb.
  8358 | D:9      | Found Vishabakagh's Dragon-Slaying Spoils.
  8421 | D:10     | Entered Level 10 of the Dungeon
  8473 | D:10     | Reached skill level 19 in Axes
  8515 | D:10     | Reached XP level 11. HP: 84/84 MP: 10/10
  8641 | D:10     | Noticed Snorg
  8641 | D:10     | Noticed a two-headed ogre
  8651 | D:10     | Killed Snorg
  8653 | D:10     | Killed a two-headed ogre
  8654 | D:10     | Reached skill level 20 in Axes
  9151 | D:10     | Received a gift from Trog
  9195 | D:10     | Noticed a skeletal warrior
  9196 | D:10     | Found a faded altar of an unknown god.
  9208 | D:10     | Killed a skeletal warrior
  9432 | D:10     | Found a hazy altar of Hepliaklqana.
  9684 | D:11     | Noticed Urug
  9690 | D:11     | Killed Urug
  9723 | D:11     | Noticed Harold
  9734 | D:11     | Killed Harold
  9891 | D:11     | Noticed a boulder beetle
  9900 | D:11     | Killed a boulder beetle
  9901 | D:11     | Reached skill level 21 in Axes
 10427 | D:11     | Noticed a two-headed ogre
 10432 | D:11     | Killed a two-headed ogre
 10449 | D:11     | Reached XP level 12. HP: 18/91 MP: 4/11
 10663 | D:11     | Noticed Erica
 10670 | D:11     | Killed Erica
 11144 | D:11     | Noticed Josephine
 11153 | D:11     | Reached skill level 22 in Axes
 11155 | D:11     | Killed Josephine
 11615 | D:12     | Noticed a boulder beetle
 11644 | D:12     | Killed a boulder beetle
 11912 | D:12     | Noticed a boulder beetle
 11930 | D:12     | Killed a boulder beetle
 12675 | D:13     | Noticed a centaur warrior
 12680 | D:13     | Shot with an arrow by a centaur warrior

Illustrated notes

Levels and vault maps discovered:
D:1:      eino_arrival_tree_alley, layout_rooms, serial_shops, shop,
          nicolae_shop_bloodbath_and_beyond, shop, serial_curves,
          eino_curves_03, eino_curves_02
D:2:      layout_basic, grunt_ministairs_13, chequers_serial_rivers_room_a,
          minmay_tetromino_o4
D:3:      layout_rooms, kennysheep_generic_room_11
D:4:      gammafunk_steamed_eel, layout_loops_cross,
          nicolae_ru_great_annihilating_truth
D:5:      layout_layer_cave, mainiacjoe_overflow_divided_tiny, enter_ossuary_4,
          uniq_pikel, uniq_blork_the_orc
D:6:      layout_layer_cave, nicolae_overflow_hidden_temple,
          minmay_temple_entry_offerings, gammafunk_ghost_grave, minivault_25,
          fountainhead
D:7:      layout_rooms, nicolae_vehumet_altar_sigil, minmay_misc_feat_tower
D:8:      layout_basic, mainiacjoe_overflow_alcove_1, grunt_ogre_cave,
          nrook_mini_backslash, chequers_serial_rivers_room_a, sword_in_stone
D:9:      layout_roguey, lemuel_doored_altar, due_lair_maze_entry_diamond,
          zombieorc1_lemuel, grunt_ministairs_3, nicolae_shop_dragon_depot
D:10:     layout_long_grid, beargit_hepliaklqana_dungeon_heroes,
          nrook_pool_corridor, uniq_snorg
D:11:     layout_gridville, hangedman_decor_opposing, uniq_josephine,
          uniq_harold, uniq_erica, uniq_urug
D:12:     layout_basic, grunt_decor_fettered
D:13:     layout_gridville, erik_vaults_1, uniq_erolcha

Skill      XL: |  1  2  3  4  5  6  7  8  9 10 11 12 |
---------------+-------------------------------------+-----
Axes           | 4 5 6 7 9 11 13 16 19 21 22 | 22.9
Fighting       | 4 |  4.0
Stealth        | 1 2 3 4 |  4.3
Evocations     | 1 2 3 |  3.2
Armour         | |  2.5
Dodging        | |  2.3

Action                     |  1- 3 |  4- 6 |  7- 9 | 10-12 || total
---------------------------+-------+-------+-------+-------++-------
  Melee: Hand axe          |    62 |    90 |       |       ||   152
         Headbutt          |    11 |    14 |    18 |    62 ||   105
         Punch             |       |     3 |       |     1 ||     4
         War axe           |       |    19 |   167 |     3 ||   189
         Battleaxe         |       |       |       |   256 ||   256
 Invoke: Berserk           |       |       |     3 |     3 ||     6
  Evoke: Wand              |       |     2 |       |    11 ||    13
    Use: Scroll            |       |       |    15 |     9 ||    24
         Potion            |       |       |       |     3 ||     3
   Stab: Paralysed         |       |     1 |       |     2 ||     3
         Invisible         |       |     1 |       |       ||     1
 Armour: Animal skin       |     4 |       |       |       ||     4
         Plate armour      |    22 |    43 |    71 |   125 ||   261
  Dodge: Dodged            |    36 |    50 |    66 |   139 ||   291
